cohdb
Replays
Latest Replays
All Replays
Popular Replays
Top Player Replays
Match Explorer
How It Works
Community
CoH3 Stats
Reddit
Sign in to upload your games and track your stats! →
Sign in with Steam
Mignano Lücke 4vs4
Match 16835150
Overview
Messages
Build Orders
End
Construct Infanterie Kompanie
Kettenkrad Recon Vehicle
Selects Breakthrough Battlegroup
Selects Assault Grenadiers
MG 42 Machine Gun Team
Grenadier Squad
Grenadier Squad
Construct Panzergrenadier Kompanie
Selects Smoke Bombing Run
Smoke Bombing Run
Panzergrenadier Squad
GrW 34 Mortar Team
Medical Station
Construct Panzer Kompanie
Selects Incendiary Bombing Run
Pak 40 Anti-tank Gun Team
Panzer IV Medium Tank
251 Medium Carrier
Pioneer Squad
Selects 2.5-tonne Cargo Truck
Selects Blitzkrieg
Incendiary Bombing Run
Panzer IV Medium Tank
Side Skirts
Incendiary Bombing Run
ⴕ_Fck
AirborneDivision
ALEJO5500
buchservice
[TSA]Badcompani2
FlyinRyan
Kenya
Mr Fox
0
0
Comments
sign in to comment!
No comments posted yet!